 Dungeon Crawl Stone Soup version 0.30.1-9-gdf580d7c3d (webtiles) character file.

Game seed: 6130394127626832267

2463 jagang the Slasher (level 9, -1/69 HPs)
             Began as a Human Fighter on Sept 29, 2023.
             Was a Follower of the Shining One.
             Slain by a two-headed ogre
             ... wielding a +0 giant club
              (4 damage)
             ... on level 8 of the Dungeon.
             The game lasted 00:19:10 (5959 turns).

jagang the Slasher (Human Fighter)                  Turns: 5959, Time: 00:19:12

Health: -1/69      AC: 16    Str: 16    XL:     9   Next: 79%
Magic:  6/9        EV:  4    Int:  8    God:    the Shining One [*.....]
Gold:   308        SH: 13    Dex: 27    Spells: 8/8 levels left

rFire   . . .        a - +1 long sword (heavy)
rCold   + . .        c - +0 buckler
rNeg    . . .        u - +0 plate armour
rPois   .            (no helmet)
rElec   .            v - +1 cloak of Context {-Tele Rampage Dex+3}
rCorr   .            t - +0 pair of gloves
SInv    .            (no boots)
Will    .....        (no amulet) Stlth
                     m - +6 ring of dexterity
HPRegen 0.31/turn    C - ring of protection from cold
MPRegen 0.11/turn

%: no teleportation, rampage
@: divinely shielded, glowing
A: no striking features
a: Renounce Religion, Divine Shield


You were on level 8 of the Dungeon.
You worshipped the Shining One.
The Shining One was aware of your devotion.
You visited 2 branches of the dungeon, and saw 9 of its levels.

You collected 322 gold pieces.
You spent 14 gold pieces at shops.

Inventory:

Hand Weapons
 a - a +1 heavy long sword (weapon)
 E - a +0 scimitar
 H - a +3 great sword of freezing
 I - a +5 great sword
Missiles
 l - 6 poisoned darts
 s - 7 boomerangs (quivered)
 F - a curare-tipped dart
Armour
 c - a +0 buckler (worn)
 t - a +0 pair of gloves (worn)
 u - a +0 plate armour (worn)
 v - the +1 cloak of Context (worn) {-Tele Rampage Dex+3}
   (You found it on level 3 of the Dungeon)

   Dex:       It affects your dexterity (+3).
   -Tele:     It prevents most forms of teleportation.
   Rampage:   It bestows one free step when moving towards enemies.
Jewellery
 m - a +6 ring of dexterity (left hand)
 o - a ring of wizardry
 y - a ring of wizardry
 C - a ring of protection from cold (right hand)
 G - a ring of flight
Wands
 w - a wand of acid (19)
 x - a wand of paralysis (33)
 D - a wand of flame (18)
Scrolls
 b - 3 scrolls of magic mapping
 e - 3 scrolls of enchant armour
 g - a scroll of amnesia
 i - 5 scrolls of teleportation
 j - a scroll of poison
 q - a scroll of noise
 A - a scroll of fear
Potions
 d - 3 potions of might
 f - 5 potions of curing
 h - a potion of mutation {unknown}
 k - 5 potions of attraction
 n - a potion of magic {unknown}
 r - a potion of berserk rage {unknown}
 z - a potion of haste {unknown}


   Skills:
 + Level 6.1 Fighting
 * Level 7.9 Long Blades
 - Level 3.0 Throwing
 + Level 6.0 Armour
 + Level 6.1 Shields


You had 8 spell levels left.
You didn't know any spells.
Your spell library contained the following spells:

 Spells                   Type           Power      Damage    Failure   Level
 Apportation              Tloc           0%         N/A       100%        1
 Necrotise                Necr           0%         1d4       100%        1
 Summon Small Mammal      Summ           0%         N/A       100%        1


Dungeon Overview and Level Annotations

Branches:
Dungeon (8/15)             Temple (1/1) D:7
   Lair: D:8-11

Altars:
Ashenzari
Cheibriados
Dithmenos
Elyvilon
Fedhas
Hepliaklqana
Kikubaaqudgha
Nemelex Xobeh
Sif Muna
Trog
Uskayaw
Yredelemnul
Zin
The Shining One

Shops:
D:1 !   D:5 :   D:7 =

Annotations:
D:5 1 runed translucent door, AccursedSamuel's ghost, novice TeMo


Message History

You block the hellwing's attack.
You hit the two-headed ogre but do no damage.
The two-headed ogre is lightly wounded.
You block the hellwing's attack. The hellwing hits you.
The two-headed ogre hits you with a +0 giant club!
* * * LOW HITPOINT WARNING * * *
The two-headed ogre hits you with a +0 giant club!
* * * LOW HITPOINT WARNING * * *
You feel much better. The hellwing hits you!
* * * LOW HITPOINT WARNING * * *
The hellwing hits you but does no damage.
You block the two-headed ogre's attack. x2
You hit the shadow imp.
The shadow imp is lightly wounded.
The two-headed ogre hits you with a +0 giant club!
* * * LOW HITPOINT WARNING * * *
The two-headed ogre hits you with a +0 giant club!
The Shining One protects you from harm!
Your shield is strengthened by the Shining One's divine power.
You block the hellwing's attack. The hellwing hits you.
* * * LOW HITPOINT WARNING * * *
The hellwing barely misses you. The hellwing hits you.
* * * LOW HITPOINT WARNING * * *
You hit the hellwing.
The hellwing is lightly wounded.
You block the two-headed ogre's attack.
The two-headed ogre hits you with a +0 giant club!
The Shining One protects you from harm! You block the hellwing's attack.
The hellwing hits you but does no damage.
The hellwing barely misses you.
The hellwing hits you but does no damage.
You slash the hellwing!
The hellwing is moderately wounded.
You block the hellwing's attack. x2; The hellwing hits you!
The Shining One protects you from harm! You block the hellwing's attack.
The two-headed ogre hits you but does no damage.
The two-headed ogre hits you with a +0 giant club.
You die...

.... #..# #..#
#..# ####..##
...... #
#..###o####.
#.#.#.o4@OK.....
#.....Z4##Z#....
........Z.oZ.....
.#...#.....88...
#...#..###...8..
#.. ##.# P.....
... #.. .PP.. ##.
#.# P.. #.# ...


You could see a two-headed ogre, 2 hellwings, a kobold brigand, 2 orcs, a meliai
zombie, a boggart skeleton and a centaur warrior skeleton.

Vanquished Creatures
  Eustachio (D:6)
  Edmund (D:5)
  Duvessa (D:5)
  A water moccasin (D:7)
  An orc warrior (D:7)
  A black bear (D:6)
  2 sky beasts
  A kobold brigand (D:7)
  4 scorpions (D:5)
  11 wights
  Dowan (D:5)
  A howler monkey (D:3)
  4 jellies
  2 hounds
  3 orc priests
  4 iguanas
  3 orc wizards
  10 adders
  A shadow imp (D:5)
  An ufetubus (D:5)
  3 dart slugs
  30 orcs
  9 ball pythons
  A bat (D:1)
  6 endoplasms
  A giant cockroach (D:3)
  5 goblins
  6 hobgoblins
  4 jackals
  3 quokkas
  3 frilled lizards
  7 kobolds
  5 rats (D:1)
137 creatures vanquished.

Notes
Turn   | Place    | Note
-------+----------+-------------------------------------------
     0 | D:1      | jagang the Human Fighter began the quest for the Orb.
     0 | D:1      | Reached XP level 1. HP: 18/18 MP: 1/1
    93 | D:1      | Reached XP level 2. HP: 24/24 MP: 2/2
    97 | D:1      | Found a faded altar of an unknown god.
   224 | D:1      | Found Woicig's Distillery.
   456 | D:1      | Reached XP level 3. HP: 29/29 MP: 3/3
   880 | D:1      | Bought a potion of degeneration for 14 gold pieces
   914 | D:2      | Identified the +6 whip of the End of Times {holy, Fragile
                  | rPois Str+8}
  1232 | D:2      | Found a shadowy altar of Dithmenos.
  1390 | D:3      | Found a broken altar of Ashenzari.
  1572 | D:3      | Identified the +1 cloak of Context {-Tele Rampage Dex+3}
  1650 | D:3      | Reached XP level 4. HP: 25/35 MP: 4/4
  1653 | D:3      | Reached skill level 3 in Long Blades
  1970 | D:3      | Reached XP level 5. HP: 38/41 MP: 5/5
  2610 | D:4      | Reached XP level 6. HP: 48/48 MP: 6/6
  2615 | D:4      | Reached skill level 4 in Long Blades
  2742 | D:4      | Found a hide-covered altar of Uskayaw.
  3465 | D:5      | Entered Level 5 of the Dungeon
  3492 | D:5      | Reached XP level 7. HP: 54/54 MP: 7/7
  3689 | D:5      | Reached skill level 5 in Long Blades
  3698 | D:5      | Noticed Edmund
  3717 | D:5      | Killed Edmund
  3836 | D:5      | Noticed Dowan
  3838 | D:5      | Noticed Duvessa
  3844 | D:5      | Killed Duvessa
  3847 | D:5      | Reached XP level 8. HP: 53/56 MP: 8/8
  3854 | D:5      | Killed Dowan
  3855 | D:5      | Reached skill level 1 in Throwing
  3995 | D:5      | Reached skill level 5 in Shields
  3998 | D:5      | Reached skill level 5 in Fighting
  3998 | D:5      | Reached skill level 6 in Long Blades
  4050 | D:5      | Noticed AccursedSamuel's ghost (novice TeMo)
  4051 | D:5      | Found a runed translucent door.
  4059 | D:5      | Reached skill level 5 in Armour
  4107 | D:5      | Found Taynyana's Book Shop.
  4649 | D:6      | Noticed Eustachio
  4656 | D:6      | Killed Eustachio
  4657 | D:6      | Reached XP level 9. HP: 63/68 MP: 9/9
  4878 | D:6      | Reached skill level 7 in Long Blades
  5078 | D:7      | Found Qeforph's Jewellery Boutique.
  5166 | D:7      | Identified the +0 leather armour "Xaluoxai" {Regen+ SInv
                  | Stlth+}
  5472 | D:7      | Found a staircase to the Ecumenical Temple.
  5480 | Temple   | Entered the Ecumenical Temple
  5486 | Temple   | Became a worshipper of the Shining One
  5506 | D:7      | Found a blossoming altar of Fedhas.
  5945 | D:8      | Noticed a hellwing
  5947 | D:8      | Reached * piety under the Shining One
  5948 | D:8      | Noticed a hellwing
  5949 | D:8      | Noticed a two-headed ogre
  5956 | D:8      | The Shining One protects you from harm!
  5957 | D:8      | HP: 3/69 [hellwing (1)]
  5958 | D:8      | The Shining One protects you from harm!
  5959 | D:8      | The Shining One protects you from harm!
  5959 | D:8      | Slain by a two-headed ogre

Illustrated notes

Levels and vault maps discovered:
D:1:      tarquinn_simple_flora_water_f, layout_loops_ring, serial_shops, shop,
          nicolae_ecumenical_snake_handling, serial_rivers,
          chequers_serial_rivers_small_b, chequers_serial_rivers_micro_e,
          chequers_serial_rivers_micro_a, chequers_serial_rivers_micro_b,
          dreamdust_princess_bridge, glass_columns_b, chequers_garden,
          corexii_leaking_fountain, minmay_stone_trees_medium
D:2:      layout_rooms, basic_altar
D:3:      layout_basic, lemuel_doored_altar, chequers_serial_rivers_micro_a,
          minmay_circle_x
D:4:      layout_rooms, pf_just_have_faith, serial_aquarium,
          aquarium_bridge_square [aquarium_subvault_bridge,
          aquarium_subvault_wall, aquarium_subvault_wall,
          aquarium_subvault_wall], aquarium_window_corridor_2,
          aquarium_window_double, aquarium_window_fake, aquarium_view_2c,
          aquarium_balcony_3a, aquarium_pool_side, chequers_hall_statues_wall_a,
          st_stairs_9
D:5:      layout_rooms, hellmonk_ghost_happy_afterlife, serial_shops, shop,
          uniq_edmund, uniq_duvessa
D:6:      layout_basic, hangedman_glass_teeth, uniq_eustachio
D:7:      layout_loops_ring, mainiacjoe_overflow_boulevard, temple_statues,
          serial_shops, nicolae_shop_tiny_glass
D:8:      cheibrodos_grave_circle, layout_loops_ring,
          mainiacjoe_overflow_24_doors, enter_bailey_3,
          minmay_tree_intersection, lightli_church_of_beogh
Temple:   compressed_dpeg_triangle_lava_temple

Skill      XL: |  1  2  3  4  5  6  7  8  9 |
---------------+----------------------------+-----
Long Blades    | 3 4 5 6 7 |  7.9
Fighting       | 4 5 6 |  6.1
Armour         | 4 5 6 |  6.0
Shields        | 4 5 6 |  6.1
Throwing       | 2 3 |  3.0

Action                     |  1- 3 |  4- 6 |  7- 9 || total
---------------------------+-------+-------+-------++-------
  Melee: Long sword        |    54 |     2 |   178 ||   234
         Whip              |    29 |   132 |       ||   161
  Throw: Dart              |       |     2 |       ||     2
         Boomerang         |       |       |     7 ||     7
 Invoke: Divine Shield     |       |       |     1 ||     1
    Use: Scroll            |       |     9 |     5 ||    14
         Potion            |       |       |     2 ||     2
 Armour: Scale mail        |    33 |    42 |       ||    75
         Plate armour      |       |    15 |   154 ||   169
  Dodge: Dodged            |    29 |    63 |    54 ||   146
  Block: Buckler           |    19 |    32 |    82 ||   133
